 Dungeon Crawl Stone Soup version 0.30-a0-802-gb92711bcdf (webtiles) character file.

Game seed: 12638240791001708674

130 jimonade the Trooper (level 5, -3/49 (53) HPs)
             Began as an Ogre Warper on Feb 25, 2023.
             Slain by a hell rat (7 damage)
             ... in a sewer.
             The game lasted 00:06:12 (2350 turns).

jimonade the Trooper (Ogre Warper)                  Turns: 2350, Time: 00:06:13

HP:   -3/49 (53)    AC:  3    Str: 15    XL:     5   Next: 13%
MP:   9/9           EV: 15    Int: 14    God:
Gold: 15            SH:  0    Dex: 10    Spells: 2/9 levels left

rFire   . . .      SeeInvis .    a - +0 mace
rCold   . . .      Faith    .    (no shield)
rNeg    . . .      Spirit   .    b - +0 robe
rPois   .          Reflect  .    (helmet restricted)
rElec   .          Harm     .    (no cloak)
rCorr   .          Rampage  .    (gloves unavailable)
Will    .....                    (boots unavailable)
Stlth   +                        (no amulet)
HPRegen 0.28/turn                h - +5 ring of evasion
MPRegen 0.11/turn                (no ring)

@: drained
A: large, unfitting armour, tough skin 1
a: no special abilities


You were in a sewer.
You visited 1 branch of the dungeon, and saw 3 of its levels.
You also visited: Sewer.

You collected 45 gold pieces.
You spent 30 gold pieces at shops.

Inventory:

Hand Weapons
 a - a +0 mace (weapon)
Missiles
 d - 7 boomerangs of dispersal (quivered)
Armour
 b - a +0 robe (worn)
Magical Staves
 l - a staff of death
Jewellery
 h - a +5 ring of evasion (left hand)
Scrolls
 c - a scroll of blinking
 k - a scroll of immolation
 n - a scroll of identify {unknown}
Potions
 e - a potion of attraction {unknown}
 f - 2 potions of heal wounds {unknown}
 g - a potion of cancellation {unknown}
 j - a potion of mutation {unknown}


   Skills:
 + Level 3.6 Fighting
 + Level 2.7 Maces & Flails
 + Level 1.0 Throwing
 + Level 2.8 Dodging
 + Level 0.5 Stealth
 + Level 2.7 Spellcasting
 * Level 3.5 Translocations


You had 2 spell levels left.
You knew the following spells:

 Your Spells              Type           Power      Damage    Failure   Level
a - Blink                 Tloc           22%        N/A       8%          2
b - Lesser Beckoning      Tloc           22%        N/A       8%          2
c - Teleport Other        Tloc           11%        N/A       16%         3

Your spell library contained the following spells:

 Spells                   Type           Power      Damage    Failure   Level
 Vhi's Electric Charge    Tloc/Air       12%        N/A       32%         3
 Manifold Assault         Tloc           11%        N/A       45%         4
 Passage of Golubria      Tloc           11%        N/A       45%         4
 Tukima's Dance           Hex            1%         N/A       54%         3
 Yara's Violent Unravell  Hex/Tmut       0%         3d3       99%         5


Dungeon Overview and Level Annotations

Branches:
Dungeon (3/15)              Sewer (1/1)

Altars:

Shops:
D:2 !


Innate Abilities, Weirdness & Mutations

You are too large for most types of armour.
You have tough skin. (AC +1)


Message History

You enter the shallow water.
You enter the shallow water.
Things that are here:
a rat corpse; a rat corpse You open the door.
A hell rat comes into view.
Found six items.
Found a gate leading back out of this place.
Press: ? - help, v - describe, . - travel
Here: a hell rat (asleep) Some shallow water.
The hell rat roars deafeningly!
There is an open door here.
You closely miss the hell rat. The hell rat closely misses you.
You hit the hell rat.
The hell rat is moderately wounded.
The hell rat bites you!
You hit the hell rat but do no damage.
The hell rat is moderately wounded.
The hell rat misses you.
The hell rat splashes around in the water.
You hit the hell rat but do no damage.
The hell rat is moderately wounded.
The hell rat misses you.
You barely miss the hell rat.
The hell rat is moderately wounded.
The hell rat twitches its whiskers.
The hell rat splashes around in the water.
The hell rat misses you.
You hit the hell rat.
The hell rat is heavily wounded.
The hell rat bites you!
You feel drained.
You hit the hell rat but do no damage.
The hell rat is heavily wounded.
The hell rat bites you!
* * * LOW HITPOINT WARNING * * *
You feel drained.
* * * LOW HITPOINT WARNING * * *
The hell rat bites you!
You die...

###.~.###
#..~~~.~#
##~...~..##
#...###..~#
##~†##.##~~##
#~~~#~~~#~~.#
#~.##~.?##~.#
#~~#~~~!?#~.#
#~.@r~~?∩#∩∩#
#..#~~~[?#÷~#
#.†##~.!##~~#
#~~.#~~~#~~~#
##~.##.##.~##
#~~.###~~~#
##.~~~.~~##
#...~.~.#
###.~.###


You could see a hell rat.

Vanquished Creatures
  5 adders
  2 river rats (Sewer)
  A worm (D:2)
  A dart slug (D:1)
  5 ball pythons
  4 endoplasms (D:1)
  2 giant cockroaches
  7 goblins
  5 hobgoblins
  4 jackals (D:1)
  6 kobolds
  2 quokkas
  4 bats
  2 frilled lizards (D:2)
  10 rats
60 creatures vanquished.

Notes
Turn   | Place    | Note
-------+----------+-------------------------------------------
     0 | D:1      | jimonade the Ogre Warper began the quest for the Orb.
     0 | D:1      | Reached XP level 1. HP: 22/22 MP: 3/3
   145 | D:1      | Reached XP level 2. HP: 28/29 MP: 5/5
   395 | D:1      | Reached XP level 3. HP: 24/37 MP: 7/7
   862 | D:1      | Learned a level 2 spell: Blink
   865 | D:1      | Learned a level 2 spell: Lesser Beckoning
   869 | D:1      | Learned a level 3 spell: Teleport Other
  1313 | D:2      | Reached XP level 4. HP: 43/45 MP: 8/8
  1505 | D:2      | Found Zomaim's Distillery.
  1621 | D:2      | Bought a potion of curing for 30 gold pieces
  1878 | D:3      | Found a glowing drain.
  1933 | Sewer    | Entered a sewer
  1954 | Sewer    | Reached XP level 5. HP: 12/53 MP: 9/9
  2350 | Sewer    | Slain by a hell rat

Illustrated notes

Levels and vault maps discovered:
D:1:      shiori_arrival_elements, layout_loops_ring, minmay_misc_feat_rows
D:2:      layout_basic, serial_shops, nicolae_shop_trees
D:3:      layout_basic, gup_sewer_entry_glass, uniq_sigmund
Sewer:    sewer_hellmonk_bad_rat

Skill      XL: |  1  2  3 |
---------------+----------+-----
Translocations | 3 |  3.5
Fighting       | 3 |  3.6
Maces & Flails | 2 |  2.7
Throwing       | |  1.0
Dodging        | |  2.8
Stealth        | |  0.5
Spellcasting   | |  2.7

Action                     |  1- 3 |  4- 6 || total
---------------------------+-------+-------++-------
  Melee: Mace              |   147 |   122 ||   269
         Punch             |     1 |     4 ||     5
    Use: Scroll            |       |     3 ||     3
         Potion            |       |     1 ||     1
   Stab: Sleeping          |     1 |     1 ||     2
 Armour: Robe              |    53 |    18 ||    71
  Dodge: Dodged            |   128 |   108 ||   236

Table legend: (Time is in decaauts)
 A = Elapsed time spent in this place.
 B = Non-inter-level travel time spent in this place.
 C = Inter-level travel time spent in this place.
 D = Time resting spent in this place.
 E = Time spent auto-exploring this place.
 F = Levels seen in this place.
 G = Mean time per level.
                   A        B        C        D        E       F      G
               +--------+--------+--------+--------+--------+-----+--------+
         Total |   2428 |   2356 |     72 |    493 |   1206 |   4 |  607.0 |
       Dungeon |   1999 |   1927 |     72 |    189 |   1193 |   3 |  666.3 |
         Sewer |    429 |    429 |      0 |    304 |     13 |   1 |  429.0 |
               +--------+--------+--------+--------+--------+-----+--------+

Top non-repeatable levels by time:
     D:1: 938 daAuts
     D:2: 906 daAuts
   Sewer: 429 daAuts
     D:3: 154 daAuts
